 Dungeon Crawl Stone Soup version 0.31-a0-851-g7ff8af7976 (webtiles) character file.

Game seed: 6339341216035681980

751 promet the Trooper (level 7, -4/68 (76) HPs)
             Began as an Ogre Gladiator on Oct 5, 2023.
             Slain by a wight
             ... wielding a +0 hand axe
              (7 damage)
             ... on level 4 of the Dungeon.
             The game lasted 00:19:04 (5086 turns).

promet the Trooper (Ogre Gladiator)                 Turns: 5086, Time: 00:19:04

HP:   -4/68 (76)    AC:  8    Str: 19    XL:     7   Next: 78%
MP:   7/7           EV: 10    Int: 11    God:
Gold: 221           SH:  0    Dex: 10    Spells: 6/6 levels left

rFire   . . .        a - +0 scythe (venom)
rCold   . . .        (shield currently unavailable)
rNeg    . . .        b - +0 robe
rPois   .            c - +0 hat
rElec   .            v - +0 cloak
rCorr   .            (gloves unavailable)
SInv    .            (boots unavailable)
Will    +....        (no amulet)
Stlth   +            m - ring of flight
HPRegen 0.31/turn    i - +4 ring of protection
MPRegen 0.10/turn

%: no passive effects
@: enlightened, flying, heavily drained
A: large, unfitting armour, tough skin 1
a: no special abilities


You were on level 4 of the Dungeon.
You visited 1 branch of the dungeon, and saw 5 of its levels.

You collected 221 gold pieces.

Inventory:

Hand Weapons
 a - a +0 scythe of venom (weapon)
 t - a +0 trident
 x - a +0 giant club
 y - a +3 scimitar
 A - a +0 dire flail
Missiles
 d - 3 throwing nets
 e - 7 large rocks (quivered)
 h - 6 atropa-tipped darts
 k - 39 stones
 o - 8 poisoned darts
Armour
 b - a +0 robe (worn)
 c - a +0 hat (worn)
 v - a +0 cloak (worn)
Jewellery
 i - a +4 ring of protection (right hand)
 m - a ring of flight (left hand)
 n - a ring of magical power
 w - a ring of wizardry
Wands
 r - a wand of acid (6)
Scrolls
 g - a scroll of brand weapon
 l - a scroll of fear
Potions
 f - a potion of attraction
 j - a potion of resistance {unknown}
 p - a potion of magic {unknown}
 q - a potion of haste {unknown}
 s - a potion of curing
 u - a potion of lignification


   Skills:
 * Level 6.7 Fighting
 + Level 6.0 Polearms
 + Level 2.6 Throwing
 + Level 4.0 Dodging
 + Level 1.1 Stealth
 + Level 0.5 Evocations


You had 6 spell levels left.
You didn't know any spells.
Your spell library contained the following spells:

 Spells                   Type           Power      Damage    Failure   Level
 Ensorcelled Hibernation  Hex/Ice        0%         N/A       47%         2
 Jinxbite                 Hex            0%         N/A       47%         2
 Anguish                  Hex/Necr       0%         N/A       98%         4


Dungeon Overview and Level Annotations

Branches:
Dungeon (5/15)
 Temple: D:4-7

Altars:
Vehumet


Innate Abilities, Weirdness & Mutations

You are too large for most types of armour.
You have tough skin. (AC +1)


Message History

The wight barely misses you.
The wight hits you from afar with a +3 halberd!
The wight closely misses you.
You fly upwards.
There is a stone staircase leading down here.
Okay, then.
You completely miss the wight.
The wight hits you with a +0 great sword!
The wight hits you but does no damage.
You hit the wight.
The wight is moderately damaged.
The wight hits you with a +0 great sword!
You feel drained. The wight hits you with a +0 hand axe.
You feel drained.
You closely miss the wight. The wight misses you.
The wight hits you but does no damage.
You closely miss the wight. The wight misses you.
The wight hits you with a +0 hand axe.
You closely miss the wight. The wight closely misses you.
The wight hits you but does no damage.
The wight hits you with a +0 great sword.
* * * LOW HITPOINT WARNING * * *
You feel drained. The wight barely misses you.
You barely miss the wight.
The wight is moderately damaged.
The wight hits you with a +0 great sword!
* * * LOW HITPOINT WARNING * * *
You feel drained.
* * * LOW HITPOINT WARNING * * *
The wight closely misses you.
Okay, then.
Unknown command.
You hit the wight.
The wight is moderately damaged.
The wight hits you with a +0 great sword.
* * * LOW HITPOINT WARNING * * *
The wight hits you but does no damage.
It was a potion of enlightenment.
You feel more buoyant. The wight barely misses you.
The wight hits you with a +0 hand axe!
You die...

..............'.........+#...#...
########...####.........##..)).).
#...## ##.......###..)##.. #.###
##.....## #####... #.# ##...##
###. #.# ##'## #. #.# #)# #.
#####.###########.##### #.
#............z@z......# #.
#.###.##..######...##.# #. #.#
#.##..# #.....#.########) #.#
#.##..# ##............... #.#
#.##..######..###.######### #.#
#.............# #.# #.#
####.........####.#
#.######.#######......#
#........# ########


You could see 2 wights.

Vanquished Creatures
  Sigmund (D:3)
  2 ogres (D:4)
  Blork the orc (D:4)
  A scorpion (D:4)
  A wight (D:4)
  2 hounds
  An iguana (D:4)
  Ijyb (D:3)
  5 adders
  7 orcs
  5 bats
  10 endoplasms
  8 hobgoblins
  3 jackals
  3 quokkas
  7 ball pythons
  A frilled lizard (D:2)
  14 goblins
  6 kobolds
  7 rats
86 creatures vanquished.

Notes
Turn   | Place    | Note
-------+----------+-------------------------------------------
     0 | D:1      | promet the Ogre Gladiator began the quest for the Orb.
     0 | D:1      | Reached XP level 1. HP: 22/22 MP: 1/1
   184 | D:1      | Reached XP level 2. HP: 29/29 MP: 2/2
   434 | D:1      | Found a faded altar of an unknown god.
   726 | D:2      | Reached XP level 3. HP: 37/37 MP: 3/3
  1797 | D:3      | Noticed Sigmund
  1940 | D:3      | Reached XP level 4. HP: 46/46 MP: 4/4
  1981 | D:3      | Noticed Ijyb
  1995 | D:3      | Killed Ijyb
  2211 | D:3      | Killed Sigmund
  2212 | D:3      | Reached skill level 5 in Fighting
  2212 | D:3      | Reached XP level 5. HP: 37/57 MP: 5/5
  2212 | D:3      | Reached XP level 6. HP: 42/66 MP: 6/6
  3380 | D:4      | Reached skill level 5 in Polearms
  3542 | D:4      | Found a radiant altar of Vehumet.
  4196 | D:4      | Reached XP level 7. HP: 75/75 MP: 7/7
  4832 | D:5      | Entered Level 5 of the Dungeon
  5025 | D:5      | Noticed Blork the orc
  5030 | D:4      | Killed Blork the orc
  5031 | D:4      | Reached skill level 1 in Stealth
  5085 | D:4      | HP: 3/68 [wight/+0 great sword (3)]
  5086 | D:4      | Slain by a wight

Illustrated notes

Levels and vault maps discovered:
D:1:      wander_arrival_desolate, layout_rooms,
          hellmonk_ecumenical_altar_leap_of_faith
D:2:      layout_basic
D:3:      layout_loops_cross, uniq_ijyb, uniq_sigmund
D:4:      layout_loops_corners, mainiacjoe_overflow_chevrons,
          minmay_ogre_servants
D:5:      layout_cave_pools, uniq_blork_the_orc, uniq_pikel

Skill      XL: |  1  2  3  4  5  6  7 |
---------------+----------------------+-----
Dodging        | 3 4 |  4.0
Fighting       | 3 5 6 |  6.7
Polearms       | 4 5 6 |  6.0
Stealth        | 1 |  1.1
Throwing       | |  2.6
Evocations     | |  0.5

Action                     |  1- 3 |  4- 6 |  7- 9 || total
---------------------------+-------+-------+-------++-------
  Melee: Trident           |   149 |    25 |       ||   174
         Punch             |       |     1 |       ||     1
         Halberd           |       |    60 |    47 ||   107
  Throw: Stone             |     3 |     6 |       ||     9
         Dart              |       |     5 |     4 ||     9
         Throwing net      |       |     2 |       ||     2
         Large rock        |       |       |     1 ||     1
  Evoke: Wand              |       |     6 |       ||     6
    Use: Scroll            |     2 |     6 |     1 ||     9
         Potion            |     2 |       |     1 ||     3
   Stab: Sleeping          |       |       |     1 ||     1
 Armour: Robe              |   112 |    48 |    35 ||   195
         Skin              |     3 |       |       ||     3
  Dodge: Dodged            |    86 |    33 |    34 ||   153

Table legend: (Time is in decaauts)
 A = Elapsed time spent in this place.
 B = Non-inter-level travel time spent in this place.
 C = Inter-level travel time spent in this place.
 D = Time resting spent in this place.
 E = Time spent auto-exploring this place.
 F = Levels seen in this place.
 G = Mean time per level.
                   A        B        C        D        E       F      G
               +--------+--------+--------+--------+--------+-----+--------+
         Total |   5134 |   4869 |    265 |   1666 |   1427 |   5 | 1026.8 |
       Dungeon |   5134 |   4869 |    265 |   1666 |   1427 |   5 | 1026.8 |
               +--------+--------+--------+--------+--------+-----+--------+

Top non-repeatable levels by time:
     D:4: 1887 daAuts
     D:3: 1409 daAuts
     D:2: 1145 daAuts
     D:1: 683 daAuts
     D:5: 7 daAuts
